 Dungeon Crawl Stone Soup version 0.27-a0-3-gcf006a40f5 (webtiles) character file.

Game seed: 2187059022649384178

1331 zazu2006 the Sneak (level 8, -8/67 HPs)
             Began as a Naga Hedge Wizard on Jan 2, 2021.
             Shot with an arrow by a centaur (18 damage)
             ... on level 6 of the Dungeon.
             The game lasted 00:19:30 (8605 turns).

zazu2006 the Sneak (Naga Hedge Wizard)              Turns: 8605, Time: 00:19:31

Health: -8/67      AC:  5    Str: 21    XL:     8   Next: 60%
Magic:  14/17      EV: 11    Int: 14    God:
Gold:   373        SH:  5    Dex: 17    Spells: 10/19 levels left

rFire    . . .     SeeInvis +   a - +0 dagger
rCold    . . .     Faith    .   (no shield)
rNeg     . . .     Spirit   .   k - +1 leather armour
rPois    +         Reflect  +   c - +0 hat
rElec    .         Harm     +   g - scarf {harm}
rCorr    .         Rampage  .   (no gloves)
Will     +....                  (no barding)
Stlth    +++.......             b - amulet of reflection
HPRegen  0.21/turn              p - +6 ring of dexterity
MPRegen  0.15/turn              d - +6 ring of strength

@: very slightly contaminated, very slow
A: large, see invisible, deformed body, poison resistance, slowness 2, spit
poison 1, AC +2
a: Spit Poison


You were on level 6 of the Dungeon.
You visited 1 branch of the dungeon, and saw 6 of its levels.
You also visited: Sewer.

You collected 373 gold pieces.

Inventory:

Hand Weapons
 a - a +0 dagger (weapon)
Missiles
 o - 11 poisoned darts (quivered)
Armour
 c - a +0 hat (worn)
 g - a scarf of harm (worn)
 k - a +1 leather armour (worn)
Jewellery
 b - an amulet of reflection (around neck)
 d - a +6 ring of strength (right hand)
 p - a +6 ring of dexterity (left hand)
 r - an uncursed ring of resist corrosion
 z - an uncursed amulet of the acrobat {unknown}
 A - an uncursed ring of magical power {unknown}
Wands
 i - a wand of digging (6)
Scrolls
 e - 2 scrolls of noise
 h - 2 scrolls of fear
 n - a scroll of enchant weapon
 q - a scroll of magic mapping {unknown}
 u - a scroll of silence {unknown}
 w - 2 scrolls of remove curse
 y - 2 scrolls of teleportation
Potions
 f - a potion of curing
 l - a potion of ambrosia {unknown}
 m - a potion of lignification
 s - 2 potions of berserk rage {unknown}
 t - a potion of brilliance {unknown}
 v - a potion of invisibility {unknown}
 x - 2 potions of flight {unknown}
 B - a potion of mutation {unknown}
 C - a potion of haste {unknown}
Miscellaneous
 j - a phantom mirror


   Skills:
 + Level 2.2 Fighting
 + Level 0.1 Throwing
 + Level 2.5 Armour
 + Level 2.8 Dodging
 + Level 6.3 Stealth
 + Level 0.8 Shields
 + Level 6.3 Spellcasting
 + Level 4.1 Conjurations
 + Level 1.0 Summonings
 + Level 1.0 Translocations
 + Level 1.5 Air Magic
 + Level 1.6 Poison Magic


You had 10 spell levels left.
You knew the following spells:

 Your Spells              Type           Power        Failure   Level
a - Magic Dart            Conj           64%          3%          1
b - Mephitic Cloud        Conj/Pois/Air  11%          19%         3
c - Conjure Flame         Conj/Fire      10%          22%         3
d - Blink                 Tloc           N/A          17%         2

Your spell library contained the following spells:

 Spells                   Type           Power        Failure   Level
 Call Imp                 Summ           7%           17%         2
 Slow                     Hex            4%           26%         2


Dungeon Overview and Level Annotations

Branches:
Dungeon (6/15)             Temple (0/1) D:4           Sewer (visited)

Altars:
Ashenzari
Kikubaaqudgha
Xom
The Shining One

Shops:
D:5 }   D:6 (

Annotations:
D:3 2 transporters, teolandon225's ghost, weakling SpEn


Innate Abilities, Weirdness & Mutations

You cannot wear boots.
Your serpentine skin is tough. (AC +2)
You have supernaturally acute eyesight. (SInv)
Armour fits poorly on your strangely shaped body.
Your system is resistant to poisons. (rPois)
You cover ground very slowly.
You can spit poison.


Message History

The arrow hits you!
You see here an arrow.
The centaur shoots an arrow.
The arrow hits you!
The centaur shoots an arrow.
You reflect the arrow off an invisible shield around you!
The arrow closely misses the centaur.
The centaur zaps a wand.
You easily resist.
Casting: Magic Dart (safe; 3% risk of failure)
Confirm with . or Enter, or press ? or * to list all spells.
Aiming: Mephitic Cloud (dangerous; 19% risk of failure)
Press: ? - help, Shift-Dir - straight line You miscast Mephitic Cloud.
You are very lightly contaminated with residual magic.
Nothing appears to happen.
The centaur shoots an arrow.
The arrow hits you!
* * * LOW HITPOINT WARNING * * *
The centaur shoots an arrow.
The arrow closely misses you.
Unknown command.
The centaur shoots an arrow.
The arrow hits you!
* * * LOW HITPOINT WARNING * * *
The centaur shoots an arrow.
The arrow hits you!
You die...

.. # #.(....+ .#
#.####..#...##### .#
##.......#.......# .#
..#..##/##.#.#####.# .#
.(.(c.(c(.(#.#### .#######
#.#####c####.##.# #
.......# #(# #.##.# .#
)))....# # #(# #.##.##
..#. .......# #. #@#
#.....#....> ######.# #.#
#.# ####......# # #.#
###..##.#######..##..# #
#.# #....................#
######.#
.##.##.###...#......#
....##.# #..#.#
#(..#.###### ###.##.#
#.###.#.###...#.# ..#.##.#
#.........#...#.#
#.#.##.#.######..#.#...#.#


You could see 2 centaurs.

Vanquished Creatures
  Sigmund (D:3)
  A water moccasin (Sewer)
  A sky beast (D:4)
  2 ogres (D:5)
  2 scorpions
  A water moccasin skeleton (D:4)
  A howler monkey (D:5)
  2 hounds
  2 orc priests
  2 orc wizards
  A bullfrog skeleton (D:4)
  Natasha (thrice) (D:3)
  An iguana (D:4)
  A worker ant (D:5)
  A worker ant zombie (D:5)
  Robin (D:3)
  8 gnolls
  6 adders
  An ufetubus (D:5)
  3 adder skeletons
  4 worms
  2 dart slugs
  5 leopard geckos
  14 orcs
  7 giant cockroaches
  17 goblins
  10 hobgoblins
  22 jackals
  6 kobolds
  3 quokkas
  2 ball pythons
  12 bats
  8 frilled lizards
  A jackal skeleton (D:4)
  A quokka skeleton (D:6)
  A quokka zombie (D:5)
  4 rats
160 creatures vanquished.

Notes
Turn   | Place    | Note
-------+----------+-------------------------------------------
     0 | D:1      | zazu2006 the Naga Hedge Wizard began the quest for the Orb.
     0 | D:1      | Reached XP level 1. HP: 15/15 MP: 4/4
   239 | D:1      | Reached XP level 2. HP: 22/22 MP: 4/6
   743 | D:1      | Reached XP level 3. HP: 28/28 MP: 0/8
  1540 | D:2      | Learned a level 3 spell: Mephitic Cloud
  1544 | D:2      | Learned a level 3 spell: Conjure Flame
  1547 | D:2      | Learned a level 2 spell: Blink
  1764 | D:2      | Reached XP level 4. HP: 36/36 MP: 2/10
  2564 | D:2      | Reached XP level 5. HP: 42/42 MP: 6/11
  3050 | D:2      | Found an ancient bone altar of Kikubaaqudgha.
  3050 | D:2      | Found a broken altar of Ashenzari.
  3544 | D:3      | Found a faded altar of an unknown god.
  3764 | D:3      | Noticed an ice beast
  3765 | D:3      | Noticed teolandon225's ghost (weakling SpEn)
  3783 | D:3      | Found a transporter.
  3819 | D:3      | Found a glowing golden altar of the Shining One.
  3846 | D:3      | Noticed Robin
  3875 | D:3      | Killed Robin
  3879 | D:3      | Noticed Sigmund
  3881 | D:3      | Reached XP level 6. HP: 12/50 MP: 1/13
  3907 | D:3      | Killed Sigmund
  3908 | D:3      | Reached skill level 1 in Fighting
  3908 | D:3      | Reached skill level 1 in Armour
  3908 | D:3      | Reached skill level 1 in Air Magic
  3908 | D:3      | Reached skill level 1 in Poison Magic
  4347 | D:3      | Found a transporter.
  4351 | D:3      | Reached skill level 5 in Spellcasting
  4502 | D:3      | Noticed Natasha
  4506 | D:3      | Killed Natasha
  4617 | D:3      | Noticed Natasha
  4625 | D:3      | Killed Natasha
  4626 | D:3      | Reached XP level 7. HP: 42/57 MP: 10/14
  4824 | D:3      | Noticed Natasha
  4846 | D:3      | Killed Natasha
  4847 | D:3      | Reached skill level 5 in Stealth
  4995 | D:4      | Found a shimmering altar of Xom.
  5026 | D:4      | Found a staircase to the Ecumenical Temple.
  5411 | D:4      | Found a glowing drain.
  5419 | Sewer    | Entered a sewer
  6752 | D:4      | Reached XP level 8. HP: 38/64 MP: 13/16
  7031 | D:5      | Entered Level 5 of the Dungeon
  7616 | D:5      | Found Hibloon's Gadget Emporium.
  8179 | D:6      | Found Lolus's Antique Weapon Shoppe.
  8605 | D:6      | Shot with an arrow by a centaur

Illustrated notes

Levels and vault maps discovered:
D:1:      dpeg_arrival_chambers_temple_mockup, layout_loops_ring,
          minmay_misc_feat_more_columns, minmay_misc_feat_tower
D:2:      layout_basic, gammafunk_temple_overflow_pools, minmay_misc_feat_x,
          minmay_misc_feat_rows
D:3:      layout_basic, gammafunk_ghost_arena, chequers_ecumenical_altar_island,
          tso_metal_star, uniq_sigmund, uniq_robin, uniq_natasha
D:4:      minmay_clustersquares, layout_layer_cave, general_overflow_altar,
          minmay_temple_entry_sparse_star, cheibrodos_sewer_entry_bend,
          minmay_door_square, minmay_distorted
D:5:      layout_loops_corners, serial_shops, nicolae_shop_stone
D:6:      layout_basic, nicolae_overflow_crystal_walls, serial_shops, shop

Skill      XL: |  1  2  3  4  5  6  7  8 |
---------------+-------------------------+-----
Spellcasting   | 4 5 6 |  6.3
Stealth        | 4 5 6 |  6.3
Conjurations   | 2 3 4 |  4.1
Fighting       | 1 2 |  2.2
Armour         | 1 2 |  2.5
Dodging        | 2 |  2.8
Air Magic      | 1 |  1.5
Poison Magic   | 1 |  1.6
Throwing       | |  0.1
Shields        | |  0.8
Summonings     | |  1.0
Translocations | |  1.0

Action                   |  1- 3 |  4- 6 |  7- 9 || total
-------------------------+-------+-------+-------++-------
Melee: Dagger            |    19 |    81 |   146 ||   246
Throw: Dart              |       |     1 |     1 ||     2
 Cast: Magic Dart        |    60 |    88 |   160 ||   308
       Mephitic Cloud    |     2 |     9 |    11 ||    22
       Conjure Flame     |       |       |     1 ||     1
       Blink             |       |       |     1 ||     1
 Abil: Spit Poison       |    14 |    15 |    19 ||    48
  Use: Potion            |       |     5 |       ||     5
       Scroll            |       |     3 |     9 ||    12
 Stab: Confused          |     3 |     5 |     8 ||    16
       Sleeping          |       |     1 |     2 ||     3
Armor: Leather armour    |     4 |    20 |    50 ||    74
       Skin              |       |    35 |       ||    35
Dodge: Dodged            |    10 |    54 |    86 ||   150
Block: Other             |       |       |    37 ||    37
       Reflection        |       |       |     4 ||     4

Table legend: (Time is in decaauts)
 A = Elapsed time spent in this place.
 B = Non-inter-level travel time spent in this place.
 C = Inter-level travel time spent in this place.
 D = Time resting spent in this place.
 E = Time spent auto-exploring this place.
 F = Levels seen in this place.
 G = Mean time per level.
                   A        B        C        D        E       F      G
               +--------+--------+--------+--------+--------+-----+--------+
         Total |  10336 |  10169 |    167 |    932 |   7384 |   7 | 1476.6 |
       Dungeon |   9914 |   9747 |    167 |    842 |   7106 |   6 | 1652.3 |
         Sewer |    421 |    421 |      0 |     90 |    277 |   1 |  421.0 |
               +--------+--------+--------+--------+--------+-----+--------+

Top non-repeatable levels by time:
     D:3: 2130 daAuts
     D:4: 2108 daAuts
     D:2: 2071 daAuts
     D:1: 1688 daAuts
     D:5: 1396 daAuts
     D:6: 519 daAuts
   Sewer: 421 daAuts
